Cogmind - Beta 11.1 @@@ ROGUE MODE // 2022.06.25 @ 09:06:11 Player: Demise Result: Destroyed by S-10 Pest with Light Assault Rifle Performance ------------- Evolutions (0) 0 Regions Visited (2) 400 Robots Destroyed (24) 120 Value Destroyed (310) 310 Prototype IDs (1) 20 Alien Tech Used (0) 0 Bonus (8) 8 TOTAL SCORE: 858 Bonus ------- High Alert Combat Kills 8 Cogmind --------- Core Integrity 0/250 Matter 170/300 Energy 98/100 System Corruption 8% Temperature Cool (0) Movement Rolling (110) Ox2 Location -10/Mines Parts ------- > --- POWER (1) -------- (None) > --- PROPULSION (2) --- Wheel Wheel > --- UTILITY (2) ------ High-capacity Storage Unit Light Armor Plating > --- WEAPON (2) ------- (None) > --- INVENTORY (20) --- Wheel Wheel Wheel Large Storage Unit High-capacity Battery (250) Weight Redist. System Transport Network Coupler Core Shielding Shield Generator Shield Generator Shield Generator Shield Generator Hacking Suite Improved Medium Laser Assault Rifle Assault Rifle Assault Rifle Peak State ------------ > --- POWER ------------ Ion Engine > --- PROPULSION ------- Wheel Wheel > --- UTILITY ---------- High-capacity Storage Unit Light Armor Plating > --- WEAPON ----------- Improved Medium Laser Assault Rifle > --- INVENTORY -------- Wheel Wheel Wheel Wheel Wheel Large Storage Unit High-capacity Battery Weight Redist. System Transport Network Coupler Core Shielding Hacking Suite Assault Rifle Assault Rifle Assault Rifle Mining Claw [Rating: 10] Favorites ----------- Power Ion Engine Engine Ion Engine Propulsion Wheel Wheel Wheel Utility Small Storage Unit Device Seismic Detector Storage Small Storage Unit Protection Light Armor Plating Weapon Assault Rifle Energy Gun Improved Medium Laser Ballistic Gun Assault Rifle Slashing Weapon Mining Claw Build | -11 -10 -10 ------- Run | Scr Mat Min Slots Evolved . | . . . Power . | . . . Propulsion . | . . . Utility . | . . . Weapon . | . . . Parts Attached 24 | 7 17 . Power 2 | 1 1 . Engine 2 | 1 1 . Core . | . . . Reactor . | . . . Propulsion 6 | 2 4 . Treads . | . . . Leg . | . . . Wheel 6 | 2 4 . Hover . | . . . Flight . | . . . Utility 7 | 2 5 . Device 3 | 1 2 . Storage 3 | 1 2 . Processor . | . . . Hackware . | . . . Protection 1 | . 1 . Artifact . | . . . Weapon 9 | 2 7 . Energy Gun 1 | . 1 . Energy Cannon . | . . . Ballistic Gun 6 | 2 4 . Ballistic Cannon . | . . . Launcher . | . . . Special Weapon . | . . . Impact Weapon . | . . . Slashing Weapon 2 | . 2 . Piercing Weapon . | . . . Special Melee Weapon . | . . . Unidentified Prototypes 1 | . 1 . Parts Lost 5 | . 4 1 Power 1 | . . 1 Propulsion 2 | . 2 . Utility . | . . . Weapon 2 | . 2 . Highest Loss Streak 5 | . 4 5 To Critical Strikes . | . . . Average Slot Usage (%) 94 | . 94 . Engine 14 | . 14 . Wheel 27 | . 27 . Device 3 | . 3 . Storage 17 | . 17 . Protection 3 | . 3 . Ballistic Gun 26 | . 26 . Naked Turns . | . . . Heaviest Build 69 | 12 69 48 Greatest Support 20 | 20 20 20 Greatest Overweight (x) 3 | . 3 2 Average Overweight (x) . | . . 2 Largest Inventory Capacity 20 | 8 20 20 Average Capacity 12 | 5 13 20 Most Carried 19 | 7 19 17 Average Carried 9 | 4 10 17 Final Capacity 20 | 8 20 20 Final Carried 17 | 7 17 17 Class Distribution -------------------- 100% | Mutant Dominant Class ---------------- Mutant | -10/Materials Mutant | -10/Mines Resources | -11 -10 -10 ----------- Run | Scr Mat Min Matter Collected 717 | 342 375 . Remotely . | . . . Salvage Created 542 | 235 307 . Parts 53 | 21 32 . Haulers Intercepted 1 | . 1 . Recyclers Shooed . | . . . Parts Field Recycled . | . . . Retrieved Matter . | . . . Parts Self-Destructed . | . . . Prevented . | . . . Kills | -11 -10 -10 ------- Run | Scr Mat Min Combat Hostiles Destroyed 11 | . 11 . Guns 7 | . 7 . AOE 4 | . 4 . Classes Destroyed 9 | 3 6 . Worker 2 | 2 . . Builder 1 | . 1 . Tunneler 5 | 5 . . Hauler 1 | . 1 . Recycler 1 | 1 . . Operator 1 | . 1 . Watcher 2 | . 2 . Swarmer 8 | . 8 . Grunt 3 | . 3 . Best Kill Streak 5 | 3 5 . Combat Bots Only 5 | . 5 . Max Kills in Single Turn 4 | 1 4 . Gunslinging 1 | . 1 . Exploded 4 | . 4 . Melee . | . . . Uniques/NPCs Destroyed . | . . . Combat | -11 -10 -10 -------- Run | Scr Mat Min Damage Taken 1011 | . 928 83 Core 251 | . 232 19 Absorbed by Shields . | . . . Regen/Repaired (Parts) 36 | . 36 . Core Remaining (%) 100 | 100 . . Volleys Fired 82 | 18 64 . Largest 2 | 2 2 . Hottest 40 | 40 40 . Shots Fired 164 | 36 128 . Gun 164 | 36 128 . Cannon . | . . . Launcher . | . . . Special . | . . . Kinetic 164 | 36 128 . Thermal . | . . . Explosive . | . . . Electromagnetic . | . . . Robot Hit Streak 11 | 9 11 . Robot Miss Streak 5 | 1 5 . Penetration Max . | . . . Secondary Targets 1 | . 1 . Max Gunslinging Chain 1 | . 1 . Shots Hit Robots 97 | 23 74 . Core Hits 31 | 10 21 . Critical Kills . | . . . Critical Parts Destroyed 1 | . 1 . Critical Strikes 1 | . 1 . Destroy 1 | . 1 . Melee Attacks 14 | . 14 . Impact . | . . . Slashing 14 | . 14 . Piercing . | . . . Sneak Attacks 2 | . 2 . Combat Hostiles . | . . . Follow-up Attacks . | . . . Damage Inflicted 1696 | 261 1435 . Guns 1126 | 261 865 . Cannons . | . . . Explosions 474 | . 474 . Melee 96 | . 96 . Ramming . | . . . Kinetic 1126 | 261 865 . Thermal 474 | . 474 . Explosive . | . . . Electromagnetic . | . . . Impact . | . . . Slashing 96 | . 96 . Piercing . | . . . Highest Corruption 8 | . 8 8 Average Corruption 8 | . 8 8 Corruption Purged . | . . . Corruption Blocked . | . . . Effects 1 | . 1 . Matter Fused 1 | . 1 . Overload Shots . | . . . Overflow Damage 90 | . 90 . Projectiles . | . . . Explosions 74 | . 74 . Melee 16 | . 16 . Knockbacks . | . . . Impact . | . . . Kinetic . | . . . Secondary . | . . . Self-Inflicted Damage 181 | . 181 . Shots 2 | . 2 . Rammed . | . . . Targets Rammed . | . . . Kicked . | . . . Crushed . | . . . Highest Temperature 23 | . 23 . Average Temperature 5 | . 5 . Received Heat Transfer 90 | . 90 . Siege Activations . | . . . Robots Corrupted . | . . . Combat Hostiles . | . . . Parts Fried . | . . . Impact Corruptions . | . . . Robots Melted . | . . . Combat Hostiles . | . . . Parts Melted . | . . . Heat Transferred 250 | . 250 . Parts Sabotaged . | . . . Parts Stolen . | . . . Parts Stripped . | . . . Power Chain Reactions . | . . . Missiles Intercepted . | . . . Alert | -11 -10 -10 ------- Run | Scr Mat Min Peak Influence 460 | 40 460 109 Initial 109 | . 26 109 Average 230 | 17 256 105 Maximum Alert Level 2 | . 2 . Low Security (%) 37 | 100 29 100 Level 1 55 | . 62 . Level 2 6 | . 7 . Level 3 . | . . . Level 4 . | . . . Level 5 . | . . . High Security . | . . . Max Security . | . . . Squads Dispatched 3 | . 3 . Investigation 2 | . 2 . Extermination . | . . . Reinforcement 1 | . 1 . Assault . | . . . Garrison . | . . . Intercept . | . . . Searches Triggered . | . . . Construction Impeded . | . . . Haulers Reinforced . | . . . Active Scanning Responses . | . . . Cargo Convoy Interrupts . | . . . Stealth | -11 -10 -10 --------- Run | Scr Mat Min Distress Signals . | . . . Communications Jammed . | . . . Distress Signals . | . . . Times Spotted 25 | . 22 3 Peak Tracking Total 6 | . 6 3 Tactical Retreats . | . . . Traps | -11 -10 -10 ------- Run | Scr Mat Min Traps Triggered . | . . . Indirectly . | . . . Trap Hack Attempts . | . . . Triggered . | . . . Disarmed . | . . . Reprogrammed . | . . . Reused . | . . . Traps Extracted . | . . . Installed . | . . . Triggered . | . . . Machines | -11 -10 -10 ---------- Run | Scr Mat Min Machines Disabled 3 | . 3 . Max in Single Turn 3 | . 3 . Machines Sabotaged . | . . . Garrisons Compromised . | . . . Overloaded Fab Kills . | . . . Hacking | -11 -10 -10 --------- Run | Scr Mat Min Machines Accessed 10 | . 10 . Terminals 7 | . 7 . Fabricators . | . . . Repair Stations 1 | . 1 . Recycling Units 2 | . 2 . Scanalyzers . | . . . Garrison Access . | . . . Total Hacks 34 | . 34 . Successful 16 | . 16 . Failed 17 | . 17 . Catastrophic 1 | . 1 . Database Lockouts 1 | . 1 . Manual 23 | . 23 . Terminals 23 | . 23 . Fabricators . | . . . Repair Stations 3 | . 3 . Recycling Units 8 | . 8 . Scanalyzers . | . . . Garrison Access . | . . . Terminal Hacks 3 | . 3 . Robot Analysis 2 | . 2 . Terminal Index 1 | . 1 . Fabricator Hacks . | . . . Repair Station Hacks 2 | . 2 . Scan Component 1 | . 1 . Repair 1 | . 1 . Recycling Unit Hacks 2 | . 2 . Retrieve Components 2 | . 2 . Scanalyzer . | . . . Garrison Access Hacks . | . . . Unauthorized Hacks 9 | . 9 . Terminals 7 | . 7 . Assimilate 1 | . 1 . Botnet 5 | . 5 . Operators 1 | . 1 . Fabricators . | . . . Repair Stations . | . . . Recycling Units 2 | . 2 . Tunnel 2 | . 2 . Scanalyzers . | . . . Garrison Access . | . . . Data Cores Recovered . | . . . Used . | . . . Hacking Detections 7 | . 7 . Full Trace Events 4 | . 4 . Feedback Events . | . . . Feedback Blocked . | . . . Robot Schematics Acquired . | . . . Robots Built . | . . . Authchips . | . . . Time . | . . . Total Robot Build Rating . | . . . Part Schematics Acquired . | . . . Parts Built . | . . . Authchips . | . . . Time . | . . . Total Part Build Rating . | . . . Parts Repaired 1 | . 1 . Time 26 | . 26 . Parts Recycled . | . . . Recycled Matter . | . . . Retrieved Matter . | . . . Retrieved Components 10 | . 10 . Parts Scanalyzed . | . . . Part Schematics Acquired . | . . . Parts Damaged . | . . . Bothacking | -11 -10 -10 ------------ Run | Scr Mat Min Used RIF Installer . | . . . Robots Hacked . | . . . Non-combat . | . . . Combat . | . . . Robot Hacks Applied . | . . . Relay Couplers Released . | . . . Fabnet Peak Effective % . | . . . Robots Rewired . | . . . Allies Hacked . | . . . Hacks Repelled . | . . . Allies | -11 -10 -10 -------- Run | Scr Mat Min Total Allies 1 | . 1 . Largest Group 1 | . 1 . Highest-Rated Group 10 | . 10 . Highest-Rated Ally 10 | . 10 . Total Orders . | . . . Ally Attacks . | . . . Total Damage . | . . . Kills . | . . . Allies Corrupted . | . . . Allies Melted . | . . . Intel | -11 -10 -10 ------- Run | Scr Mat Min Robot Analysis Total 2 | . 2 . Derelict Logs Recovered . | . . . Drone Launches . | . . . Drone Recoveries . | . . . Exploration | -11 -10 -10 ------------- Run | Scr Mat Min Turns Passed 1206 | 126 1074 6 Spaces Moved 850 | 67 777 6 Core 41 | 41 . . Treads . | . . . Legs . | . . . Wheels 809 | 26 777 6 Hover . | . . . Flight . | . . . Fastest Speed 50 | 50 80 110 Average Speed 89 | 61 91 110 Slowest Speed 125 | 80 125 110 Overloaded Moves . | . . . Propulsion Burnouts . | . . . Robots Hopped . | . . . Cave-ins Triggered 1 | . 1 . Exploration Rate (%) 35 | 3 98 5 Regions Visited 2 Branch Regions 1 Pre-discovered Areas 2 | . 2 . Known Exits Taken . | . . . Unknown Exits Taken 2 | 1 1 . Scrap Searched . | . . . Spaces Dug 6 | . 6 . Terrain Destroyed 38 | . 38 . Melee 6 | . 6 . Projectile . | . . . AOE 32 | . 32 . Terrain Rammed . | . . . Walls Destroyed . | . . . Machines Disabled . | . . . Actions | -11 -10 -10 --------- Run | Scr Mat Min Total 1120 | 117 997 6 Wait 94 | 15 79 . Move 848 | 66 776 6 Hop . | . . . Pick Up 34 | 11 23 . Fast Attach 9 | 3 6 . Attach 9 | 4 5 . Detach 5 | . 5 . Swap 6 | . 6 . Drop 19 | . 19 . Fire 82 | 18 64 . Melee 14 | . 14 . Ram . | . . . Kick . | . . . Crush . | . . . Escape Stasis . | . . . Rewire . | . . . Trap . | . . . Miscellaneous . | . . . Route ------- -11/Scrapyard -10/Materials (discovered 5 exits: [*Mat x3] / [*Min x2]) -10/Mines (discovered 1 exit: [*Mat]) History --------- Turn | Location | Event 29 | -11/Scrapyard | Discovered new exit (range 16) 127 | -11/Scrapyard | Entered Materials 173 | -10/Materials | Discovered new exit (range 11) 251 | -10/Materials | Discovered new exit (range 4) 307 | -10/Materials | Build established: Mutant 448 | -10/Materials | Core integrity fell below 50% 456 | -10/Materials | Core integrity fell below 20% 542 | -10/Materials | Repaired Wheel 591 | -10/Materials | Discovered new exit (range 16) 658 | -10/Materials | Central database locked down 837 | -10/Materials | Discovered new exit (range 11) 1037 | -10/Materials | Discovered new exit (range 16) 1179 | -10/Materials | Crushed by falling debris 1201 | -10/Materials | Entered Mines 1201 | -10/Mines | Discovered new exit (range 10) 1207 | -10/Mines | Destroyed by S-10 Pest with Light Assault Rifle Last Messages --------------- 01167_ Destroyed Wheel. 01175_ U-05 Engineer builds a Wall. 01179_ The unstable cave ceiling collapses. 01179_ Crushed by falling debris. 01179_ Mining Claw destroyed. 01179_ System corrupted by crushing effect (+3). 01179_ Wheel destroyed. 01179_ System corrupted by crushing effect (+1). 01179_ Wheel destroyed. 01179_ System corrupted by crushing effect (+1). 01179_ Assault Rifle destroyed. 01179_ System corrupted by crushing effect (+3). 01180_ U-05 Engineer builds a Wall. 01183_ K-01 Serf collects debris. 01199_ System corrupted: Matter fused (-6). LOCATION=UNKNOWN GOAL=ESCAPE 01201_ EXIT=FOUND 01202_ K-01 Serf collects debris. 01205_ Ion Engine destroyed. Map ----- +----------------------------------------------------+ | ???????????????????????????????????????????????? | | ???????????????????????????????????????????????? | | ???????????????????????????????????????????????? | | ???????????????????????????????????????????????? | | ???????????????????????????????????????????????? | | ???????????????????????????????????????????????? | | ???????????????????????????????????????????????? | | ???????????????????????????????????????????????? | | ???????????????????????????????????????????????? | | ???????????????????????????????????????????????? | | ???????????????????????????????????????????????? | | ???????????????????????????????????????????????? | | ???????????????????????????????????????????????? | | ???????????????????????????????????????????????? | | ???????????????????????????????????????????????? | | ???????????????????????????????????????????????? | | ???????????????????????????????????????????????? | | ???????????????????????????????????????????????? | | ???????????????????????????????????????????????? | | ???????????????????????????????????????????????? | | ?????????????????????????????????#?????????????? | | ????????????????##???????????? #?????????????? | | ???????????????## #####????? kk#?????????????? | | ???????????????# ##??< ###???????????? | | ???????????????# s ## ????????? | | ???????????????# s @ #?????????????? | | ???????????????# s ## """ #?????????????? | | ???????????????# #???""" ???????????????? | | ???????????????# #?????" ???????????????? | | ???????????????# ##???????????????????????? | | ?????????????? ###????????????????????????? | | ???????????? ###??????????????????????????? | | ??????????"" #####?????????????????????????????? | | ????????? ???????????????????????????????????? | | ???????? ????????????????????????????????????? | | ????????##?????????????????????????????????????? | | ???????????????????????????????????????????????? | | | | | | | | | | | | | | | | | | | | | | | | | | | +----------------------------------------------------+ Best States ------------- Heat Dissipation 25 Energy Generation 10 Energy Capacity 250 Matter Stores 300 Matter Capacity 300 Sight Range 16 Terrain Scan Density 10 Armor Coverage 150 Evasion (%) 50 Item Schematics ----------------- None Robot Schematics ------------------ None Fabricated ------------ Nothing Alien Tech Used ----------------- None Achievements -------------- None Challenges ------------ None Game ------ Seed MetafiberDefensePrototype Manual? 0 Play Time 00:10:44 Cumulative 645.0 hours Start 2022.06.25 @ 08:55:25 End 2022.06.25 @ 09:06:11 Sessions 1 Manual Loads 0 Difficulty Rogue Special Mode None Game No. 525 Rogue 525 Adventurer 0 Explorer 0 Win Type - Total 8 Types 7/0/0/1/0/0/0/0/0 Lore% 75 Gallery% 86 Achievement% 69 Wizard Run 0 Options --------- ASCII 0 Keyboard 1 Movement Numpad Keybinds 0 Fullscreen 1 Font 12/Terminus Map View 83x54 Tactical HUD 1 Map Filters NONE Filters NONE Steam 1 RUN: 3e866455-4c46-4b23-ad0b-72fb9555503e